| TOP OF THE 1ST |
|
Tri-City Dust Devils batting - Pitching for Rome Braves : LHP Jake Warwick
|
|
Pitching: LHP Jake Warwick
|
|
|
Batting: LHB Ramon Vega
|
0-0: Ball 1-0: Ground out 4-3 (Groundball, 34D, EV 84.4 MPH)
|
|
Batting: LHB Phil Lerner
|
0-0: Swinging Strike 0-1: Swinging Strike 0-2: Foul Ball, location: 2F 0-2: Ball 1-2: Ground out 4-3 (Groundball, 13, EV 95.0 MPH)
|
|
Batting: RHB Mike MacLeod
|
0-0: Ball 1-0: Ball 2-0: Foul Ball, location: 2F 2-1: Ball 3-1: Foul Ball, location: 2F 3-2: Base on Balls
|
|
Batting: RHB Hector Fernandez
|
0-0: Ball 1-0: SINGLE (Flyball, 89S, EV 89.4 MPH) Mike MacLeod to second Runner from 2nd tries for 3rd, SAFE, throw by RF made to third
|
|
Batting: SHB Isaiah Scates
|
0-0: Called Strike 0-1: Swinging Strike Passed Ball! Mike MacLeod scores Hector Fernandez to second 0-2: Ball 1-2: Ball 2-2: Strikes out swinging
|
| Top of the 1st over - 1 run, 1 hit, 0 errors, 1 left on base; Tri-City 1 - Rome 0 |
| BOTTOM OF THE 1ST |
|
Rome Braves batting - Pitching for Tri-City Dust Devils : RHP David Koski
|
|
Pitching: RHP David Koski
|
|
|
Batting: RHB Rafael Reyes
|
0-0: Ball 1-0: Ball 2-0: Ball 3-0: Base on Balls
|
|
Batting: RHB Chris Trites
|
0-0: Called Strike Rafael Reyes steals 2nd, throwing error, E2 Rafael Reyes to third 0-1: Called Strike 0-2: Strikes out swinging
|
|
Batting: LHB Ricardo Sandoval
|
0-0: Ball 1-0: Swinging Strike 1-1: Ground out 6-3 (Groundball, 6, EV 85.0 MPH) Rafael Reyes scores
|
|
Batting: LHB Tamaichi Sasada
|
0-0: Called Strike 0-1: Ball 1-1: Foul Ball, location: 2F 1-2: Foul Ball, location: 2F 1-2: Fly out, F9 (Flyball, 9D, EV 90.6 MPH)
|
| Bottom of the 1st over - 1 run, 0 hits, 1 error, 0 left on base; Tri-City 1 - Rome 1 |
| TOP OF THE 2ND |
|
Tri-City Dust Devils batting - Pitching for Rome Braves : LHP Jake Warwick
|
|
Batting: RHB Eric McMillian
|
0-0: Ball 1-0: Ball 2-0: Ball 3-0: Base on Balls
|
|
Batting: RHB Phil McFadden
|
0-0: Called Strike 0-1: Foul Ball, location: 2F 0-2: Foul Ball, location: 2F 0-2: SINGLE (Groundball, 56, EV 100.0 MPH) Eric McMillian to second
|
|
Batting: RHB Max Stillo
|
0-0: Ball 1-0: Called Strike 1-1: Called Strike 1-2: Foul Ball, location: 2F 1-2: Strikes out looking
|
|
Batting: RHB Shane Bruce
|
0-0: Ball 1-0: Ball 2-0: Ball 3-0: Called Strike 3-1: Foul Ball, location: 2F 3-2: Base on Balls Eric McMillian to third Phil McFadden to second
|
|
Batting: LHB Ramon Vega
|
0-0: Ball 1-0: Ball 2-0: Ball 3-0: Called Strike 3-1: Hit by Pitch Eric McMillian scores Phil McFadden to third Shane Bruce to second
|
|
Batting: LHB Phil Lerner
|
0-0: Ball 1-0: Fielders Choice at 2nd, 3-6 (Groundball, 3, EV 88.1 MPH) Phil McFadden scores Shane Bruce to third
|
|
Batting: RHB Mike MacLeod
|
0-0: Foul Ball, location: 2F 0-1: Foul Ball, location: 2F 0-2: Strikes out swinging
|
| Top of the 2nd over - 2 runs, 1 hit, 0 errors, 2 left on base; Tri-City 3 - Rome 1 |
| BOTTOM OF THE 2ND |
|
Rome Braves batting - Pitching for Tri-City Dust Devils : RHP David Koski
|
|
Batting: SHB Karl Starnes
|
0-0: Ball 1-0: Ball 2-0: Swinging Strike 2-1: Ball 3-1: Foul Ball, location: 2F 3-2: Base on Balls
|
|
Batting: RHB Costantino Dolfini
|
0-0: Swinging Strike 0-1: Ball 1-1: Swinging Strike 1-2: Strikes out swinging
|
|
Batting: RHB Dave Pizarro
|
0-0: Grounds into double play, 6-4-3 (Groundball, 6, EV 83.8 MPH)
|
| Bottom of the 2nd over - 0 runs, 0 hits, 0 errors, 0 left on base; Tri-City 3 - Rome 1 |
| TOP OF THE 3RD |
|
Tri-City Dust Devils batting - Pitching for Rome Braves : LHP Jake Warwick
|
|
Batting: RHB Hector Fernandez
|
0-0: Ball 1-0: Foul Ball, location: 2F 1-1: Foul Ball, location: 2F 1-2: Fly out, F8 (Flyball, 89M, EV 96.2 MPH)
|
|
Batting: SHB Isaiah Scates
|
0-0: Ball 1-0: Called Strike 1-1: Foul Ball, location: 2F 1-2: Ball 2-2: Foul Ball, location: 2F 2-2: Ground out 5-3 (Groundball, 56, EV 83.8 MPH)
|
|
Batting: RHB Eric McMillian
|
0-0: Ground out 6-3 (Groundball, 6, EV 84.4 MPH)
|
| Top of the 3rd over - 0 runs, 0 hits, 0 errors, 0 left on base; Tri-City 3 - Rome 1 |
| BOTTOM OF THE 3RD |
|
Rome Braves batting - Pitching for Tri-City Dust Devils : RHP David Koski
|
|
Batting: RHB Tony Cabrera
|
0-0: Foul Ball, location: 2F 0-1: Ball 1-1: Foul Ball, location: 2F 1-2: Ball 2-2: Foul Ball, location: 2F 2-2: Ground out 6-3 (Groundball, 6, EV 83.8 MPH)
|
|
Batting: LHB Jason Herr
|
0-0: Ground out 5-3 (Groundball, 56, EV 108.8 MPH)
|
|
Batting: RHB Rafael Reyes
|
0-0: Fly out, F8 (Flyball, 8RM, EV 91.2 MPH)
|
| Bottom of the 3rd over - 0 runs, 0 hits, 0 errors, 0 left on base; Tri-City 3 - Rome 1 |
| TOP OF THE 4TH |
|
Tri-City Dust Devils batting - Pitching for Rome Braves : LHP Jake Warwick
|
|
Batting: RHB Phil McFadden
|
0-0: SINGLE (Line Drive, 8LS, EV 90.6 MPH)
|
|
Batting: RHB Max Stillo
|
0-0: Called Strike 0-1: Swinging Strike 0-2: SINGLE (Flyball, 3D, EV 93.1 MPH) Phil McFadden to second
|
|
Batting: RHB Shane Bruce
|
0-0: Called Strike 0-1: Called Strike 0-2: Ball 1-2: Ball 2-2: Ball 3-2: Strikes out swinging
|
|
Batting: LHB Ramon Vega
|
0-0: Ball 1-0: Foul Ball, location: 2F 1-1: Called Strike 1-2: SINGLE (Line Drive, 78S, EV 96.2 MPH) Phil McFadden to third Max Stillo to second
|
|
Batting: LHB Phil Lerner
|
0-0: Called Strike 0-1: Called Strike 0-2: Foul Ball, location: 2F 0-2: Fly out, F9 (Flyball, 9, EV 88.8 MPH) Runner from 3rd tags up, OUT at HOME! 9-2
|
| Top of the 4th over - 0 runs, 3 hits, 0 errors, 2 left on base; Tri-City 3 - Rome 1 |
| BOTTOM OF THE 4TH |
|
Rome Braves batting - Pitching for Tri-City Dust Devils : RHP David Koski
|
|
Batting: RHB Chris Trites
|
0-0: Called Strike 0-1: Called Strike 0-2: Ball 1-2: Ball 2-2: Foul Ball, location: 2F 2-2: Foul Ball, location: 2F 2-2: Foul Ball, location: 2F 2-2: Strikes out swinging, 2-3 out at first.
|
|
Batting: LHB Ricardo Sandoval
|
0-0: Ball 1-0: Ball 2-0: Called Strike 2-1: Ball 3-1: Called Strike 3-2: Strikes out looking
|
|
Batting: LHB Tamaichi Sasada
|
0-0: Swinging Strike 0-1: Foul Ball, location: 2F 0-2: Ball 1-2: Ball 2-2: Foul Ball, location: 2F 2-2: Foul Ball, location: 2F 2-2: Ball 3-2: Foul Ball, location: 2F 3-2: Strikes out swinging
|
| Bottom of the 4th over - 0 runs, 0 hits, 0 errors, 0 left on base; Tri-City 3 - Rome 1 |
| TOP OF THE 5TH |
|
Tri-City Dust Devils batting - Pitching for Rome Braves : LHP Jake Warwick
|
|
Batting: RHB Mike MacLeod
|
0-0: Ball 1-0: Ball 2-0: Called Strike 2-1: Ground out U3 (Groundball, 34S, EV 86.9 MPH)
|
|
Batting: RHB Hector Fernandez
|
0-0: Ball 1-0: Called Strike 1-1: Ball 2-1: Called Strike 2-2: Strikes out swinging
|
|
Batting: SHB Isaiah Scates
|
0-0: Foul Ball, location: 2F 0-1: Ball 1-1: Swinging Strike 1-2: Strikes out swinging
|
| Top of the 5th over - 0 runs, 0 hits, 0 errors, 0 left on base; Tri-City 3 - Rome 1 |
| BOTTOM OF THE 5TH |
|
Rome Braves batting - Pitching for Tri-City Dust Devils : RHP David Koski
|
|
Batting: SHB Karl Starnes
|
0-0: Called Strike 0-1: Ball 1-1: Ground out 4-3 (Groundball, 34, EV 97.5 MPH)
|
|
Batting: RHB Costantino Dolfini
|
0-0: Fly out, F9 (Flyball, 9D, EV 97.5 MPH)
|
|
Batting: RHB Dave Pizarro
|
0-0: Called Strike 0-1: Swinging Strike 0-2: Ball 1-2: Strikes out swinging
|
| Bottom of the 5th over - 0 runs, 0 hits, 0 errors, 0 left on base; Tri-City 3 - Rome 1 |
| TOP OF THE 6TH |
|
Tri-City Dust Devils batting - Pitching for Rome Braves : LHP Jake Warwick
|
|
Batting: RHB Eric McMillian
|
0-0: Foul Ball, location: 2F 0-1: Ball 1-1: Ball 2-1: Ball 3-1: Ground out 6-3 (Groundball, 6M, EV 105.6 MPH)
|
|
Pitching: RHP Wami Benthami
|
|
|
Batting: RHB Phil McFadden
|
0-0: Ground out 6-3 (Groundball, 6, EV 104.4 MPH)
|
|
Batting: RHB Max Stillo
|
0-0: Ball 1-0: Fly out, F8 (Line Drive, 89D, EV 91.9 MPH)
|
| Top of the 6th over - 0 runs, 0 hits, 0 errors, 0 left on base; Tri-City 3 - Rome 1 |
| BOTTOM OF THE 6TH |
|
Rome Braves batting - Pitching for Tri-City Dust Devils : RHP David Koski
|
|
Batting: RHB Tony Cabrera
|
0-0: Ball 1-0: Called Strike 1-1: Called Strike 1-2: Foul Ball, location: 2F 1-2: Strikes out swinging
|
|
Batting: LHB Jason Herr
|
0-0: Ball 1-0: Swinging Strike 1-1: Ball 2-1: Foul Ball, location: 2F 2-2: Ball 3-2: Strikes out swinging
|
|
Batting: RHB Rafael Reyes
|
0-0: Foul Ball, location: 2F 0-1: Foul Ball, location: 2F 0-2: DOUBLE (Line Drive, 5D, EV 104.4 MPH)
|
|
Batting: RHB Chris Trites
|
0-0: Called Strike 0-1: Ball 1-1: Fly out, F7 (Flyball, 7, EV 81.2 MPH)
|
| Bottom of the 6th over - 0 runs, 1 hit, 0 errors, 1 left on base; Tri-City 3 - Rome 1 |
| TOP OF THE 7TH |
|
Tri-City Dust Devils batting - Pitching for Rome Braves : RHP Wami Benthami
|
|
Batting: RHB Shane Bruce
|
0-0: Ball 1-0: Foul Ball, location: 2F 1-1: Swinging Strike 1-2: Strikes out swinging
|
|
Batting: LHB Ramon Vega
|
0-0: Called Strike 0-1: Fly out, F7 (Flyball, 78M, EV 85.0 MPH)
|
|
Pitching: RHP Seriozha Darzinsh
|
|
|
Batting: LHB Phil Lerner
|
0-0: Called Strike 0-1: Foul Ball, location: 2F 0-2: Ball 1-2: Ball 2-2: Strikes out swinging
|
| Top of the 7th over - 0 runs, 0 hits, 0 errors, 0 left on base; Tri-City 3 - Rome 1 |
| BOTTOM OF THE 7TH |
|
Rome Braves batting - Pitching for Tri-City Dust Devils : RHP David Koski
|
|
Batting: LHB Ricardo Sandoval
|
0-0: Ball 1-0: Ball 2-0: Ball 3-0: Foul Ball, location: 2F 3-1: Base on Balls
|
|
Batting: LHB Tamaichi Sasada
|
0-0: Ball Ricardo Sandoval steals 2nd base 1-0: Foul Ball, location: 2F 1-1: Called Strike 1-2: Ball 2-2: Foul Ball, location: 2F 2-2: Ball 3-2: Base on Balls
|
|
Batting: SHB Karl Starnes
|
0-0: Ball 1-0: Fly out, F7 (Line Drive, 7D, EV 87.5 MPH)
|
|
Pitching: RHP Gilberto Ricalde
|
|
|
Batting: RHB Costantino Dolfini
|
0-0: Called Strike 0-1: Ball 1-1: Swinging Strike 1-2: Strikes out swinging
|
|
Batting: RHB Dave Pizarro
|
0-0: Ball 1-0: Foul Ball, location: 2F 1-1: Called Strike 1-2: Foul Ball, location: 2F 1-2: Ball 2-2: Strikes out swinging
|
| Bottom of the 7th over - 0 runs, 0 hits, 0 errors, 2 left on base; Tri-City 3 - Rome 1 |
| TOP OF THE 8TH |
|
Tri-City Dust Devils batting - Pitching for Rome Braves : RHP Seriozha Darzinsh
|
|
Batting: RHB Mike MacLeod
|
0-0: Fly out, F6 (Popup, 6MS, EV 84.4 MPH)
|
|
Batting: RHB Hector Fernandez
|
0-0: Called Strike 0-1: Ground out 6-3 (Groundball, 6, EV 93.1 MPH)
|
|
Batting: SHB Isaiah Scates
|
0-0: Foul Ball, location: 2F 0-1: Ball 1-1: Ground out 6-3 (Groundball, 6, EV 88.8 MPH)
|
| Top of the 8th over - 0 runs, 0 hits, 0 errors, 0 left on base; Tri-City 3 - Rome 1 |
| BOTTOM OF THE 8TH |
|
Rome Braves batting - Pitching for Tri-City Dust Devils : RHP Gilberto Ricalde
|
|
Now at 3B: Ed Oake
|
|
|
Batting: RHB Tony Cabrera
|
0-0: Called Strike 0-1: Ground out 1-3 (Groundball, P, EV 69.4 MPH)
|
|
Batting: LHB Jason Herr
|
0-0: Called Strike 0-1: Ball 1-1: Ball 2-1: Ball 3-1: Foul Ball, location: 2F 3-2: Strikes out swinging
|
|
Batting: RHB Rafael Reyes
|
0-0: Ball 1-0: Called Strike 1-1: Ball 2-1: Foul Ball, location: 2F 2-2: Foul Ball, location: 2F 2-2: Strikes out looking
|
| Bottom of the 8th over - 0 runs, 0 hits, 0 errors, 0 left on base; Tri-City 3 - Rome 1 |
| TOP OF THE 9TH |
|
Tri-City Dust Devils batting - Pitching for Rome Braves : RHP Seriozha Darzinsh
|
|
Pitching: RHP Walt Bunney
|
|
|
Batting: RHB Eric McMillian
|
0-0: Called Strike 0-1: Foul Ball, location: 2F 0-2: Ball 1-2: SINGLE (Line Drive, 6MD, EV 98.1 MPH)
|
|
Batting: RHB Phil McFadden
|
0-0: Swinging Strike 0-1: Foul Ball, location: 2F 0-2: Strikes out swinging
|
|
Batting: RHB Max Stillo
|
0-0: Ball 1-0: Called Strike 1-1: Foul Ball, location: 2F 1-2: Ball 2-2: Fielders Choice at 2nd, 5-4 (Groundball, 56, EV 98.1 MPH)
|
|
Batting: RHB Shane Bruce
|
0-0: Called Strike 0-1: Called Strike 0-2: Foul Ball, location: 2F 0-2: Foul Ball, location: 2F 0-2: Foul Ball, location: 2F 0-2: Ball 1-2: Strikes out looking
|
| Top of the 9th over - 0 runs, 1 hit, 0 errors, 1 left on base; Tri-City 3 - Rome 1 |
| BOTTOM OF THE 9TH |
|
Rome Braves batting - Pitching for Tri-City Dust Devils : RHP Gilberto Ricalde
|
|
Pitching: RHP Josh Mott
|
|
|
Batting: RHB Chris Trites
|
0-0: Ball 1-0: DOUBLE (Line Drive, 7LS, EV 101.9 MPH)
|
|
Batting: LHB Ricardo Sandoval
|
0-0: Ball 1-0: Ball 2-0: Ground out U3 (Groundball, 3, EV 87.5 MPH) Chris Trites to third
|
|
Batting: LHB Tamaichi Sasada
|
0-0: Foul Ball, location: 2F 0-1: Hit by Pitch
|
|
Batting: SHB Karl Starnes
|
0-0: Fly out, F8 (Flyball, 8RD, EV 80.0 MPH)
|
|
Batting: RHB Costantino Dolfini
|
0-0: Foul Ball, location: 2F 0-1: Reached on error, E7 (Flyball, 7D, EV 106.2 MPH) Chris Trites scores Tamaichi Sasada to third
|
|
Batting: RHB Dave Pizarro
|
0-0: DOUBLE (Line Drive, 78D, EV 110.0 MPH) Tamaichi Sasada scores Costantino Dolfini scores
|
| Bottom of the 9th over - 3 runs, 2 hits, 1 error, 1 left on base; Tri-City 3 - Rome 4 |
|